 Dungeon Crawl Stone Soup version 0.26-a0-599-gc8f6553d2c (webtiles) character file.

Game seed: 13417480224132883383

37 ANON1729 the Skirmisher (level 3, -1/34 HPs)
             Began as a Naga Fighter on Aug 29, 2020.
             Killed by nerve-wracking pain
             ... invoked by an orc priest
              (11 damage)
             ... on level 3 of the Dungeon.
             The game lasted 00:01:45 (1402 turns).

ANON1729 the Skirmisher (Naga Fighter)              Turns: 1402, Time: 00:01:45

Health: -1/34      AC:  4    Str: 19    XL:     3   Next: 41%
Magic:  3/3        EV:  7    Int:  8    God:
Gold:   127        SH:  0    Dex: 10    Spells: 2/2 levels left

rFire    . . .     SeeInvis +   a - +0 war axe
rCold    . . .     Faith    .   (no shield)
rNeg     . . .     Spirit   .   b - +0 scale mail
rPois    +         Reflect  .   (no helmet)
rElec    .         Harm     .   (no cloak)
rCorr    .                      (no gloves)
MR       .....                  (no barding)
Stlth    ..........             (no amulet)
HPRegen  0.11/turn              (no ring)
MPRegen  0.08/turn              (no ring)

@: mighty, very slow
A: large, see invisible, deformed body, poison resistance, slowness 2, spit
poison 1, AC +1
a: Spit Poison


You were on level 3 of the Dungeon.
You visited 1 branch of the dungeon, and saw 3 of its levels.

You collected 127 gold pieces.

Inventory:

Hand Weapons
 a - a +0 war axe (weapon)
Armour
 b - a +0 scale mail (worn)
Scrolls
 c - a scroll of magic mapping {unknown}
 g - a scroll of fear {unknown}
 h - a scroll of remove curse {unknown}
 i - 4 scrolls of identify {unknown}
Potions
 f - a potion of curing {unknown}
 j - a potion of magic {unknown}


   Skills:
 + Level 3.4 Fighting
 + Level 2.6 Axes
 - Level 2.5 Armour
 + Level 0.9 Dodging
   Level 2.4 Shields


You had 2 spell levels left.
You didn't know any spells.
Your spell library was empty.

Dungeon Overview and Level Annotations

Branches:
Dungeon (3/15)

Altars:
Makhleb

Annotations:
D:3 Terence


Innate Abilities, Weirdness & Mutations

You cannot wear boots.
Your serpentine skin is tough. (AC +1)
You have supernaturally acute eyesight. (SInv)
Armour fits poorly on your strangely shaped body.
Your system is resistant to poisons. (rPois)
You cover ground very slowly.
You can spit poison.


Message History

Beogh smites you!
The orc priest mumbles some strange prayers to Beogh against you.
Beogh smites you!
* * * LOW HITPOINT WARNING * * *
You bump into the rock wall.
A kobold comes into view.
You bump into the rock wall.
You feel less invigorated.
You feel less confused.
The kobold shouts!
A bat comes into view.
The orc hits you with a +0 hand axe.
* * * LOW HITPOINT WARNING * * *
The orc priest hits you but does no damage.
You slice the orc!!
You kill the orc!
You closely miss the orc. You barely miss the orc priest.
The orc barely misses you.
The orc priest mumbles some strange prayers to Beogh against you.
Pain shoots through your body!
You die...

#..<....# ..
#.......#+##.
#......K.......#
#..............#
....
#.........?....#
#...
#...........o..#
#... #.....b.#
o....## #.@.
#.....o@# .o.....
#...
#.....o)##..>....
+.#...
#......o..?#
#....
#..........#
#....
#..........#
#.#..
###...#....# #..
+...+....# #..
#...#....# ###
+...(....+


You could see 2 orc priests, an orc, a bat and a kobold.

Vanquished Creatures
  An adder (D:2)
  A worm (D:3)
  2 leopard geckos
  2 orcs (D:3)
  3 giant cockroaches
  A hobgoblin (D:2)
  A ball python (D:1)
  5 bats
  3 frilled lizards
  2 kobolds
  3 rats
24 creatures vanquished.

Notes
Turn   | Place    | Note
-------+----------+-------------------------------------------
     0 | D:1      | ANON1729 the Naga Fighter began the quest for the Orb.
     0 | D:1      | Reached XP level 1. HP: 21/21 MP: 1/1
    75 | D:1      | You fall into a shaft and drop 1 floor!
   174 | D:2      | Reached XP level 2. HP: 22/28 MP: 2/2
   225 | D:2      | Found a burning altar of Makhleb.
  1175 | D:3      | Noticed Terence
  1188 | D:2      | Reached XP level 3. HP: 14/34 MP: 3/3
  1402 | D:3      | Killed from afar by an orc priest

Illustrated notes

Levels and vault maps discovered:
D:1:      dpeg_arrival_tiny_i, layout_basic, serial_forest,
          infiniplex_forest_fountain, infiniplex_forest_pool,
          infiniplex_forest_corner_2, infiniplex_forest_clump_diagonal
D:2:      layout_loops_ring, minivault_25, lemuel_altar_in_water
D:3:      layout_basic, portal_sewer_entry_d, uniq_terence

Action                   || total
-------------------------++-------
Melee: War axe           ||    83
 Abil: Spit Poison       ||     1
  Use: Potion            ||     2
Armor: Scale mail        ||    60
Dodge: Dodged            ||    47
Block: Kite shield       ||     2

Table legend: (Time is in decaauts)
 A = Elapsed time spent in this place.
 B = Non-inter-level travel time spent in this place.
 C = Inter-level travel time spent in this place.
 D = Time resting spent in this place.
 E = Time spent auto-exploring this place.
 F = Levels seen in this place.
 G = Mean time per level.
                   A        B        C        D        E       F      G
               +--------+--------+--------+--------+--------+-----+--------+
         Total |   1883 |   1733 |    150 |    150 |   1353 |   3 |  627.7 |
       Dungeon |   1883 |   1733 |    150 |    150 |   1353 |   3 |  627.7 |
               +--------+--------+--------+--------+--------+-----+--------+

Top non-repeatable levels by time:
     D:2: 1039 daAuts
     D:1: 775 daAuts
     D:3: 68 daAuts
